 Dungeon Crawl Stone Soup version 0.31-a0-188-g5e087ee2ca (webtiles) character file.

Game seed: 1451817296568417915

144 qw the Skirmisher (level 5, -4/29 HPs)
             Began as a Deep Elf Hunter on June 23, 2023.
             Slain by a cerulean imp
             ... wielding a +0 spear
             ... summoned by Natasha
              (5 damage)
             ... on level 2 of the Dungeon.
             The game lasted 00:00:47 (1875 turns).

qw the Skirmisher (Deep Elf Hunter)                 Turns: 1875, Time: 00:00:48

Health: -4/29      AC:  5    Str: 10    XL:     5   Next: 5%
Magic:  7/7        EV: 11    Int: 14    God:
Gold:   101        SH:  0    Dex: 18    Spells: 4/4 levels left

rFire   . . .        Y - +0 shortbow
rCold   . . .        (shield currently unavailable)
rNeg    . . .        e - +0 ring mail
rPois   .            (no helmet)
rElec   .            (no cloak)
rCorr   .            (no gloves)
SInv    .            (no boots)
Will    .....        (no amulet)
Stlth   +            (no ring)
HPRegen 0.24/turn    (no ring)
MPRegen 0.10/turn

%: no passive effects
@: no status effects
A: no striking features
a: no special abilities


You were on level 2 of the Dungeon.
You visited 1 branch of the dungeon, and saw 2 of its levels.

You collected 125 gold pieces.
You spent 24 gold pieces at shops.


   Skills:
 - Level 1.5 Fighting
 + Level 8.4 Ranged Weapons
 - Level 2.4 Dodging
 - Level 1.2 Stealth


You had 4 spell levels left.
You didn't know any spells.
Your spell library was empty.

Inventory:

Hand Weapons
 Y - a +0 shortbow (weapon)
Armour
 e - a +0 ring mail (worn)
 h - a +0 helmet
Scrolls
 c - a scroll of teleportation {unknown}
 d - a scroll of blinking {unknown}
 f - 2 scrolls of identify
 i - a scroll of brand weapon {unknown}
Potions
 a - a potion of ambrosia {unknown}
 b - a potion of magic {unknown}
 g - a potion of attraction {unknown}
 j - a potion of heal wounds {unknown}

Dungeon Overview and Level Annotations

Branches:
Dungeon (2/15)

Altars:

Shops:
D:1 !?*=

Annotations:
D:1 2 transporters
D:2 Natasha


Message History

Natasha closely misses you. The cerulean imp barely misses you.
You shoot an arrow. The arrow closely misses Natasha.
Natasha claws you.
The cerulean imp hits you but does no damage.
You shoot an arrow. The arrow misses Natasha.
Natasha barely misses you. The cerulean imp completely misses you.
You shoot an arrow. The arrow closely misses Natasha.
Natasha casts a spell.
The cerulean imp barely misses you.
You shoot an arrow. The arrow hits Natasha.
Natasha is almost dead.
Natasha claws you. The cerulean imp closely misses you.
The cerulean imp hits you but does no damage.
You shoot an arrow.
The arrow hits Natasha but does no damage.
Natasha is almost dead.
Natasha mumbles some strange words.
The cerulean imp barely misses you.
The cerulean imp hits you from afar with a +0 spear.
Natasha closely misses you.
You shoot an arrow. The arrow misses Natasha.
The cerulean imp hits you with a +2 spear.
The cerulean imp hits you but does no damage.
Natasha barely misses you.
You shoot an arrow. The arrow closely misses Natasha.
The cerulean imp misses you. The cerulean imp closely misses you.
The cerulean imp hits you but does no damage.
Natasha howls an incantation.
Natasha glows brightly for a moment.
Natasha casts a spell at you. The magic dart hits you!
You shoot an arrow. The arrow closely misses Natasha.
The cerulean imp hits you with a +2 spear!
The cerulean imp barely misses you. The cerulean imp misses you.
Natasha barely misses you.
The cerulean imp hits you with a +2 spear.
You shoot an arrow. The arrow hits Natasha.
Natasha is almost dead.
The cerulean imp hits you from afar with a +0 spear.
You die...

)....#.#)# ####'####.#.#
.....#.#.# #.##.##.#.#.#
####.#.#.#######.##......#.#
#.#...........#######.#.#
#.#######.###.........#.#
#.....# #.# #.#######.#.#
#.....# #.###.#.....#.#.#
#.....#
#..##.#.###.#.#.#####
#.....#
##..#@#.#...........#
#.....#
#....5h5#..##.#.###.#
####'## #...#5..#..##.#.#
#)# #.# #...#...........#
#.# #.#
#...#.#.#...#...###.# #.#
#...#.#.#.#.#.#...#.# #.#
#...#.#.#.#.#.#...#.# #.#
#...#.#.#.#.#.#...#.# #.#
#...#.#)#.#.#.#.#...#


You could see Natasha and 3 cerulean imps.

Vanquished Creatures
  Terence (D:2)
  Natasha (D:2)
  Robin (D:2)
  2 adders (D:2)
  A worm (D:2)
  3 dart slugs
  3 bats
  5 endoplasms
  5 giant cockroaches
  11 goblins
  5 hobgoblins
  2 quokkas
  4 ball pythons
  4 kobolds
  5 rats
53 creatures vanquished.

Notes
Turn   | Place    | Note
-------+----------+-------------------------------------------
     0 | D:1      | qw the Deep Elf Hunter began the quest for the Orb.
     0 | D:1      | Reached XP level 1. HP: 12/12 MP: 3/3
     0 | D:1      | 0 ||| qw: Version: 0.3-a-9-g12657ce
     0 | D:1      | 0 ||| qw: Game counter: 3826
     0 | D:1      | 0 ||| qw: Always use a shield: true
     0 | D:1      | 0 ||| qw: God list: Okawaru
     0 | D:1      | 0 ||| qw: Allow faded altars: false
     0 | D:1      | 0 ||| qw: Do Orc after D:15 true
     0 | D:1      | 0 ||| qw: Do second Lair branch before Depths: true
     0 | D:1      | 0 ||| qw: Lair rune preference: random
     0 | D:1      | 0 ||| qw: Plans: Normal
     0 | D:1      | 0 ||| PLANNING D:1-11
    85 | D:1      | Found Coliuwnu's Assorted Antiques.
    94 | D:1      | 94 ||| SHOPLISTING cloak (108 gold, have 1).
    94 | D:1      | 94 ||| SHOPLISTING fizzy purple potion (21 gold, have 1).
    94 | D:1      | 94 ||| SHOPLISTING scroll labelled YWOQ HOMIEZXYA (24 gold,
                  | have 1).
    94 | D:1      | 94 ||| SHOPLISTING sedimented puce potion (21 gold, have
                  | 1).
   155 | D:1      | Reached XP level 2. HP: 16/16 MP: 4/4
   157 | D:1      | Reached skill level 6 in Ranged Weapons
   264 | D:1      | Found Vaczaosi's Jewellery Boutique.
   271 | D:1      | 271 ||| SHOPLISTING amulet of faith (400 gold, have 19).
   271 | D:1      | 271 ||| SHOPLISTING amulet of the acrobat (300 gold, have
                  | 19).
   271 | D:1      | 271 ||| SHOPLISTING ring of Hutaolets {rPois rF- rN+ Will+
                  | Dex+3} (397 gold, have 19).
   271 | D:1      | 271 ||| SHOPLISTING ring of poison resistance (200 gold,
                  | have 19).
   271 | D:1      | 271 ||| SHOPLISTING ring of positive energy (200 gold, have
                  | 19).
   271 | D:1      | 271 ||| SHOPLISTING ring of willpower (250 gold, have 19).
   400 | D:1      | Found Suusmowe's Magic Scroll Shop.
   406 | D:1      | 406 ||| SHOPLISTING scroll of enchant weapon (90 gold, have
                  | 37).
   406 | D:1      | 406 ||| BUYING scroll of identify (24 gold).
   406 | D:1      | Bought a scroll of identify for 24 gold pieces
   406 | D:1      | 406 ||| SHOPLISTING scroll of identify (24 gold, have 13).
   406 | D:1      | 406 ||| SHOPLISTING scroll of teleportation (36 gold, have
                  | 13).
   414 | D:1      | Found a transporter.
   417 | D:1      | Found Veoxtolo's Distillery.
   684 | D:1      | HP: 1/16 [frozen (4)]
   755 | D:1      | Found a transporter.
   829 | D:1      | 829 ||| UPGRADING to +0 ring mail.
   839 | D:1      | 839 ||| DROPPING +0 leather armour.
   840 | D:1      | 840 ||| READING scroll labelled WEJOOF PENT.
   841 | D:1      | 841 ||| DROPPING scroll of butterflies.
   868 | D:2      | Reached XP level 3. HP: 20/20 MP: 5/5
   954 | D:2      | Noticed Robin
   959 | D:2      | Reached skill level 7 in Ranged Weapons
   961 | D:2      | 961 ||| Stepping ~*~*~tactically~*~*~ (outnumbered).
   972 | D:2      | Killed Robin
   975 | D:2      | HP: 5/20 [goblin/+0 club[Robin] (3)]
   978 | D:2      | HP: 2/20 [goblin/+0 club[Robin] (2)]
  1009 | D:2      | 1009 ||| FLEEEEING.
  1010 | D:2      | 1010 ||| FLEEEEING.
  1011 | D:2      | 1011 ||| FLEEEEING.
  1012 | D:2      | 1012 ||| FLEEEEING.
  1013 | D:2      | 1013 ||| FLEEEEING.
  1022 | D:2      | 1022 ||| FLEEEEING.
  1023 | D:2      | 1023 ||| FLEEEEING.
  1024 | D:2      | 1024 ||| FLEEEEING.
  1029 | D:2      | 1029 ||| FLEEEEING.
  1030 | D:2      | 1030 ||| FLEEEEING.
  1031 | D:2      | 1031 ||| FLEEEEING.
  1032 | D:2      | 1032 ||| STAIRDANCE
  1146 | D:2      | Noticed Terence
  1155 | D:2      | HP: 5/20 [something (5)]
  1156 | D:2      | HP: 2/20 [something (3)]
  1157 | D:2      | Killed Terence
  1158 | D:2      | Reached XP level 4. HP: 3/25 MP: 6/6
  1386 | D:2      | Noticed Natasha
  1393 | D:2      | Killed Natasha
  1394 | D:2      | Reached skill level 8 in Ranged Weapons
  1659 | D:2      | Reached XP level 5. HP: 29/29 MP: 7/7
  1859 | D:2      | Noticed Natasha
  1874 | D:2      | HP: 5/29 [cerulean imp/+2 spear[Natasha] (7)]
  1874 | D:2      | HP: 1/29 [cerulean imp/+2 spear[Natasha] (4)]
  1875 | D:2      | Slain by a cerulean imp

Levels and vault maps discovered:
D:1:      wheals_arrival_shading, layout_loops_ring, serial_shops, shop,
          nicolae_shop_rolling_square, shop, nicolae_shop_drivethru,
          minmay_door_square, hangedman_decor_growths
D:2:      layout_basic, kennysheep_another_room, uniq_natasha, uniq_terence,
          uniq_robin

Skill      XL: |  1  2  3  4 |
---------------+-------------+-----
Ranged Weapons | 6 7 8 |  8.4
Fighting       | |  1.5
Dodging        | |  2.4
Stealth        | |  1.2

Action                     |  1- 3 |  4- 6 || total
---------------------------+-------+-------++-------
   Fire: Shortbow          |   124 |    85 ||   209
    Use: Scroll            |     1 |       ||     1
 Armour: Leather armour    |     7 |       ||     7
         Ring mail         |    20 |    20 ||    40
  Dodge: Dodged            |    41 |    33 ||    74

Table legend:
 A = Non-vault XP
 B = Vault XP
 C = Vault XP percentage of total XP
 D = Non-vault monster count
 E = Vault monster count
 F = Vault count percentage of total count
                 A         B        C        D         E       F
            +---------+---------+-------+---------+---------+-------
      Total |     100 |     107 |  51.7 |      39 |      14 |  26.4
            +---------+---------+-------+---------+---------+-------
        D:1 |      40 |       0 |   0.0 |      23 |       0 |   0.0
        D:2 |      60 |     107 |  64.1 |      16 |      14 |  46.7
            +---------+---------+-------+---------+---------+-------
